Map: Proxima Station LE

Players

Kryptikkz

  • Race: Protoss Protoss
  • League: Gold
  • Spawn Location: 7:00

eXile - Winner!

  • Race: Zerg Zerg
  • Spawn Location: 1:00

VOD

Have the link to the VOD?

Description

Time

  • Played on: May 14, 2017, 9:32 p.m.
  • Length: 14:52
Show
View Real Time Build Order
Export as new Build Order

Kryptikkz Protoss 

Build Orders: 1 Gate Expand 

Get SALT Encoding   

  12  0:01  Probe (Chrono Boost)  
  13  0:11  Probe (Chrono Boost)  
  14  0:17  Pylon  
  14  0:22  Probe (Chrono Boost)  
  15  0:36  Probe (Chrono Boost)  
  15  0:39  Gateway  
  16  0:46  Probe (Chrono Boost)  
  16  0:48  Assimilator  
  18  0:57  Probe (Chrono Boost)  
  18  1:10  Probe (Chrono Boost)  
  19  1:26  Probe (Chrono Boost)  
  20  1:40  Nexus  
  20  1:47  Cybernetics Core  
  20  1:53  Pylon  
  21  1:54  Assimilator, Probe (Chrono Boost)  
  21  2:05  Probe (Chrono Boost)  
  22  2:17  Probe (Chrono Boost)  
  23  2:26  Twilight Council  
  23  2:27  Robotics Facility  
  23  2:35  Warp Gate  
  23  2:39  Adept  
  25  2:47  Probe (Chrono Boost)  
  26  2:53  Probe (Chrono Boost)  
  27  3:02  Probe (Chrono Boost)  
  27  3:04  Probe (Chrono Boost)  
  29  3:08  Gateway  
  29  3:10  Gateway  
  29  3:13  Resonating Glaives  
  29  3:15  Adept  
  31  3:21  Probe x2 (Chrono Boost)  
  31  3:26  Observer  
  34  3:37  Probe (Chrono Boost)  
  34  3:38  Probe (Chrono Boost)  
  36  3:52  Immortal  
  39  3:56  Probe (Chrono Boost), Mothership Core (Chrono Boost)  
  43  4:08  Probe (Chrono Boost)  
  43  4:09  Pylon  
  44  4:12  Pylon  
  44  4:15  Pylon  
  44  4:16  Probe (Chrono Boost)  
  47  4:32  Probe x2 (Chrono Boost)  
  47  4:33  Immortal  
  47  4:36  Assimilator  
  47  4:37  Assimilator  
  51  4:44  Probe (Chrono Boost)  
  51  4:45  Probe (Chrono Boost)  
  53  4:55  Probe (Chrono Boost)  
  53  4:56  Probe (Chrono Boost)  
  55  5:06  Probe (Chrono Boost)  
  56  5:08  Adept x3  
  56  5:09  Probe (Chrono Boost)  
  63  5:16  Probe (Chrono Boost)  
  63  5:21  Probe (Chrono Boost)  
  65  5:45  Probe (Chrono Boost)  
  65  5:46  Probe (Chrono Boost), Immortal  
  70  5:58  Pylon  
  70  6:01  Pylon  
  70  6:07  Gateway  
  70  6:08  Gateway  
  70  6:11  Pylon  
  70  6:18  Probe (Chrono Boost)  
  71  6:27  Forge x2  
  71  6:31  Immortal  
  71  6:32  Robotics Bay  
  75  6:44  Gateway x2  
  75  6:45  Gateway x2  
  75  6:54  Adept x3  
  81  7:03  Protoss Ground Weapons Level 1, Protoss Ground Armor Level 1  
  81  7:05  Pylon  
  81  7:10  Pylon  
  81  7:16  Extended Thermal Lance  
  81  7:18  Stalker x2  
  81  7:20  Nexus  
  81  7:22  Pylon x2  
  85  7:24  Pylon  
  85  7:26  Pylon  
  85  7:33  Immortal  
  89  7:46  Robotics Facility  
  89  7:48  Stargate  
  89  8:06  Stalker  
  89  8:07  Stalker x2  
  89  8:08  Adept  
  89  8:09  Adept x3  
  103  8:15  Blink  
  103  8:32  Probe x3 (Chrono Boost)  
  106  8:36  Colossus  
  106  8:37  Colossus  
  106  8:43  Probe (Chrono Boost)  
  106  8:44  Probe x2 (Chrono Boost)  
  121  9:01  Protoss Ground Weapons Level 2, Protoss Ground Armor Level 2  
  121  9:07  Sentry x2  
  125  9:14  Assimilator  
  125  9:15  Assimilator  
  125  9:23  Probe x2 (Chrono Boost)  
  125  9:24  Probe (Chrono Boost)  
  128  9:35  Probe x2 (Chrono Boost)  
  130  9:54  Colossus  
  130  9:56  Sentry x4  
  138  10:03  Colossus  
  150  10:30  Adept x3  
  156  10:36  Pylon  
  156  10:37  Pylon  
  156  10:41  Pylon  
  156  10:43  Pylon  
  156  10:46  Pylon  
  156  10:48  Pylon  
  156  11:06  Immortal x2, Pylon  
  156  11:09  Pylon  
  164  11:12  Pylon  
  164  11:38  Nexus  
  164  11:39  Adept x5  
  174  11:40  Adept x4, Immortal x2  
  174  11:41  Pylon x2  
  174  11:44  Pylon  
  164  12:23  Stalker x8  
  164  12:24  Stalker  
  108  13:41  Stalker x2  
  108  13:42  Stalker x7  
  120  14:04  Probe x2 (Chrono Boost)  
  120  14:05  Probe x2 (Chrono Boost)  
  118  14:14  Probe (Chrono Boost)  
  107  14:17  Probe x2 (Chrono Boost)  
Show
View Real Time Build Order
Export as new Build Order

eXile Zerg - Winner!

Build Orders: Hatch First 

Get SALT Encoding   

  12  0:02  Drone  
  13  0:14  Overlord  
  13  0:25  Drone  
  14  0:34  Drone  
  14  0:35  Drone  
  16  0:38  Drone  
  17  0:56  Hatchery  
  16  0:59  Drone  
  16  1:02  Extractor  
  16  1:03  Drone  
  17  1:21  Spawning Pool  
  17  1:22  Drone  
  18  1:40  Drone  
  18  1:41  Drone  
  18  1:42  Overlord  
  19  1:56  Drone  
  20  2:05  Drone  
  20  2:07  Metabolic Boost  
  21  2:08  Queen  
  21  2:14  Queen  
  25  2:30  Zergling x4  
  25  2:31  Zergling x2  
  25  2:32  Drone  
  25  2:33  Drone  
  30  2:41  Overlord  
  30  2:55  Drone  
  30  2:56  Drone x3  
  34  3:02  Pneumatized Carapace  
  34  3:05  Queen  
  36  3:15  Overlord  
  36  3:17  Drone x2  
  38  3:36  Hatchery  
  36  4:00  Drone x2  
  36  4:01  Drone x5  
  36  4:02  Drone  
  44  4:09  Lair, Extractor x2  
  42  4:10  Extractor  
  42  4:16  Evolution Chamber  
  42  4:17  Evolution Chamber  
  39  4:23  Drone x2  
  39  4:24  Drone  
  42  4:27  Drone x4  
  46  4:48  Drone x3  
  46  4:49  Drone x2  
  46  4:52  Queen  
  53  5:02  Zergling x6  
  53  5:03  Zergling x2  
  53  5:06  Overlord x2  
  53  5:07  Overlord  
  57  5:13  Overlord  
  57  5:21  Zerg Melee Weapons Level 1  
  57  5:22  Zerg Ground Armor Level 1  
  57  5:24  Queen  
  59  5:29  Overseer  
  59  5:30  Overseer  
  59  5:35  Overseer  
  59  5:40  Drone x4  
  59  5:41  Drone x5  
  68  6:04  Spire  
  68  6:21  Hydralisk Den  
  67  6:41  Zergling x20  
  67  6:42  Zergling x24  
  89  6:52  Overlord x3  
  89  6:56  Spire  
  88  7:09  Queen  
  88  7:12  Drone x5  
  95  7:26  Hydralisk  
  95  7:27  Hydralisk x8  
  113  7:47  Zerg Melee Weapons Level 2  
  113  7:48  Zerg Ground Armor Level 2  
  113  7:49  Overlord x2  
  113  7:50  Hatchery, Overlord x2  
  112  7:54  Hatchery, Queen  
  113  7:59  Muscular Augments  
  113  8:17  Mutalisk  
  113  8:18  Mutalisk x8  
  131  8:26  Extractor  
  130  8:27  Extractor, Drone x4  
  130  8:28  Drone x2  
  135  9:05  Overlord x5  
  135  9:14  Mutalisk  
  135  9:15  Mutalisk x5  
  147  9:20  Drone  
  147  9:21  Drone x9  
  147  9:23  Overlord  
  145  9:46  Mutalisk  
  145  9:47  Mutalisk x4  
  155  10:06  Lurker Den  
  155  10:13  Zerg Missile Weapons Level 1  
  155  10:18  Infestation Pit  
  154  10:34  Baneling Nest, Hydralisk x5  
  154  10:35  Hydralisk x4  
  171  10:39  Zergling x2  
  171  10:40  Zergling x38  
  191  10:56  Hive  
  191  11:38  Baneling  
  191  11:39  Baneling x28  
  191  11:40  Baneling x7  
  191  12:28  Zergling x2  
  191  12:29  Zergling x20  
  200  12:51  Extractor  
  199  12:52  Extractor  
  192  13:17  Centrifical Hooks  
  113  13:41  Mutalisk  
  113  13:42  Mutalisk x13  
  113  13:44  Zergling x2  
  113  13:45  Zergling x20  
  148  13:58  Zergling x2  
  148  13:59  Zergling x12  
Tags
 
Add a new tag
Caveats
  • Supply blocks, unpowered buildings, or Contaminate may cause inaccurate times.
  • Supply counts are checked every 10 seconds.